 Dungeon Crawl Stone Soup version bcrawl-1.40.2 (webtiles) character file.

Game seed: 15952537685218506387

294174 Mehrunes the Cleaver (level 12, -9/109 HPs)
             Began as a Naga Sloth Apostle on Nov 6, 2023.
             Was the Champion of Cheibriados.
             Mangled by a hell rat (13 damage)
             ... on level 3 of the Lair of Beasts.
             The game lasted 00:47:38 (15949 turns).

Mehrunes the Cleaver (Naga Sloth Apostle)          Turns: 15949, Time: 00:47:39

Health: -9/109     AC: 10    Str: 28    XL:     12   Next: 27%
Magic:  26/26      EV: 10    Int: 30    God:    Cheibriados [******]
Gold:   1220       SH: 12    Dex: 29    Spells: 14/17 levels left

rFire    + . .     GDR:     37% a - +8 war axe "Ogreslayer" {holy, rPois Str-5 Dex+4}
rCold    . . .     SeeInvis +   c - +0 medium shield
rNeg     . . .     Gourm    .   t - +0 scale mail
rPois    +         Faith    .   g - +0 helmet
rElec    .         Spirit   .   V - +0 cloak
rCorr    .         Reflect  .   S - +0 pair of gloves
MR       +....     Clarity  +   (no barding)
Stlth    ++++......             (no amulet)
HPRegen  0.28/turn              U - ring of protection from fire
MPRegen  0.20/turn              p - ring of magical power

@: drained, very slow
A: large, tail, swims, see invisible, deformed body, poison resistance, slowness
2, slow metabolism 1, spit poison 1, AC +4
a: Spit Poison, Bend Time, Defer, Temporal Distortion, Step From Time, Renounce
Religion


You were on level 3 of the Lair of Beasts.
You worshipped Cheibriados.
Cheibriados was exalted by your worship.
You were not hungry.

You visited 2 branches of the dungeon, and saw 13 of its levels.
You also visited: Ossuary.

You collected 1220 gold pieces.

Inventory:

Hand Weapons
 a - the +8 war axe "Ogreslayer" (weapon) {holy, rPois Str-5 Dex+4}
   (You found it on level 5 of the Dungeon)

   It has been blessed by the Shining One to cause great damage to the undead
   and demons.
   It affects your strength (-5).
   It affects your dexterity (+4).
   It protects you from poison.
 b - a +1 hunting sling
 d - a +0 scimitar of flaming
 l - a +3 dagger of draining
 m - a +2 flail of protection
 q - a +0 war axe
 N - a +1 hand axe of venom
Missiles
 j - 1445 sling bullets
 r - 250 poisoned tomahawks (quivered)
Armour
 c - a +0 medium shield (worn)
 g - a +0 helmet (worn)
 t - a +0 scale mail (worn)
 S - a +0 pair of gloves (worn)
 V - a +0 cloak (worn)
Jewellery
 p - a ring of magical power (right hand)
 s - a +3 ring of dexterity
 U - a ring of protection from fire (left hand)
Wands
 h - a wand of acid (1)
 u - a wand of charming (22)
 v - a wand of digging (9)
 A - a wand of iceblast (11)
 D - a wand of scattershot (3)
 M - a wand of random effects (16)
Scrolls
 f - a scroll of revelation
 i - a scroll of identify
 k - 3 scrolls of amnesia
 n - 4 scrolls of remove curse
 w - 2 scrolls of enchant weapon
 y - 3 scrolls of enchant armour
 B - 5 scrolls of teleportation
 C - a scroll of vulnerability
 F - 3 scrolls of fog
 W - a scroll of immolation
Potions
 o - a potion of flight {unknown}
 x - 2 potions of invisibility {unknown}
 z - a potion of cancellation {unknown}
 E - 2 potions of haste {unknown}
 G - 2 potions of brilliance {unknown}
 J - 2 potions of agility {unknown}
 K - a potion of degeneration {unknown}
 L - 4 potions of might {unknown}
 O - 3 potions of magic {unknown}
 P - 4 potions of heal wounds {unknown}
 Q - a potion of ambrosia {unknown}
 R - a potion of resistance {unknown}
Comestibles
 e - 7 rations {!d}


   Skills:
 + Level 7.3(6.1) Fighting
 * Level 10.1(8.8) Axes
 + Level 1.3(0.3) Armour
 + Level 5.6(4.4) Dodging
 - Level 10.0(8.7) Stealth
 + Level 6.0(4.8) Shields
 - Level 3.0(1.9) Spellcasting
 - Level 2.0(0.9) Hexes
 - Level 4.0(2.9) Charms
 - Level 3.0(1.9) Summonings
 + Level 3.8(2.8) Invocations
 + Level 7.8(6.6) Evocations


You had 14 spell levels left.
You knew the following spells:

 Your Spells              Type           Power        Failure   Level  Hunger
a - Slow                  Hex            #.......     47%         1    None
b - Infusion              Chrm           ###.....     24%         1    None
c - Summon Butterflies    Summ           ##......     34%         1    None

Your spell library contained the following spells:

 Spells                   Type           Power        Failure   Level  Hunger
 Corona                   Hex            #......      47%         1    None
 Call Imp                 Summ           ##....       47%         2    ##.....
 Apportation              Tloc           #.....       63%         1    None
 Beastly Appendage        Tmut           #.....       63%         1    None
 Magic Dart               Conj           #...         63%         1    None
 Sandblast                Erth           #.....       63%         1    None
 Ensorcelled Hibernation  Hex/Ice        #.....       69%         2    ##.....
 Blink                    Tloc           N/A          77%         2    ##.....
 Searing Ray              Conj           #.......     77%         2    ##.....
 Confuse                  Hex            #.......     85%         3    ####...
 Tukima's Dance           Hex            #.......     85%         3    ####...
 Dazzling Orbs            Conj/Hex       #......      89%         3    ####...
 Conjure Flame            Conj/Fire      #.......     94%         3    ####...
 Iskenderun's Mystic Bla  Conj           #.......     94%         3    ####...
 Mephitic Cloud           Conj/Pois/Air  #.......     94%         3    ####...
 Spider Form              Tmut/Pois      #..          94%         3    ####...
 Cause Fear               Hex            #.........   99%         4    ######.
 Fulminant Prism          Conj/Hex       #.........   100%        4    ######.
 Irradiate                Conj/Tmut      #.........   100%        5    #######


Dungeon Overview and Level Annotations

Branches:
Dungeon (10/12)            Temple (0/1) D:7            Lair (3/6) D:8
  Snake (0/3) Lair:2       Spider (0/3) Lair:2          Orc (0/1) D:8

Altars:
Ru
Sif Muna
Xom

Shops:
D:4 :   D:5 **   D:6 [   D:10 (

Annotations:
D:4 1 runed door
D:7 3 runed translucent doors, Tonnatak's ghost, novice GnRe
Lair:1 1 runed translucent door, kosoiffoigrumme1174's ghost, journeyman VSCK


Innate Abilities, Weirdness & Mutations

You cannot wear boots.
You can swim through water.
Your serpentine skin is tough. (AC +4)
You have supernaturally acute eyesight. (SInv)
Armour fits poorly on your strangely shaped body.
Your system is resistant to poisons. (rPois)
You cover ground very slowly.
You have a slow metabolism.
You can spit poison.


Message History

The crocodile bites the plant but does no damage.
The yak gores the plant!
The hell rat bites you! x2
* * * LOW HITPOINT WARNING * * *
The hell rat bites you!
* * * LOW HITPOINT WARNING * * *
You feel drained.
* * * LOW HITPOINT WARNING * * *
The hell rat bites you!
* * * LOW HITPOINT WARNING * * *
You feel drained.
* * * LOW HITPOINT WARNING * * *
The hell rat misses you. The hell rat barely misses you.
You block the hell rat's attack. The hell rat barely misses you.
There is a stone staircase leading up, spattered with blood here.
Okay, then.
Evoke which item? (* to show all) (? for menu, Esc to quit)
Okay, then.
Okay, then.
You fail to use your ability.
The hell rat bites you!
You die...

### ##### ##### #.# #...#
#...# #.## #P.## ##.## #..#
#P.# #..# #..# ##.## ##.####
#. ###..####..#####.##.##.P..
................@rt........
....####.###>.#.#rr####.###
#.### ###.#..####Y# ..## #(.##
##.# #..######
##.####..#######
#...#.#.####..#.r#rP.##P.#####
...............h..F..........#
#..##....#.##...####..##..####
...###..######.## ##.#####


You could see a yak, a crocodile and 3 hell rats.

Vanquished Creatures
  3 hydras
  A centaur warrior (D:9)
  2 ugly things
  A manticore (D:10)
  A black mamba (Lair:3)
  An elephant (D:8)
  A gargoyle (D:10)
  A cane toad (Lair:2)
  An efreet (D:9)
  A dryad (D:8)
  A komodo dragon (Lair:1)
  A polar bear (Lair:2)
  An eye of draining (D:10)
  2 trolls
  A harpy skeleton (D:9)
  2 hippogriffs
  A shadow (D:9)
  A tarantella (Lair:2)
  A basilisk (Lair:2)
  3 yaks (D:7)
  4 hungry ghosts
  2 crocodiles
  2 nagas (Lair:2)
  3 water moccasins
  8 porcupines
  3 orc warriors
  A black bear (D:8)
  A sky beast (D:7)
  2 ice beasts
  2 ogres (D:7)
  2 phantoms
  2 kobold brigands
  7 bullfrogs
  8 centaurs
  A wyvern skeleton (D:8)
  11 scorpions
  5 killer bees (D:10)
  A statue (D:8)
  4 wights (D:10)
  11 orc priests
  A howler monkey (D:5)
  A bullfrog zombie (D:6)
  5 hounds
  8 crimson imps
  4 human zombies (Ossuary)
  3 jellies
  A bullfrog skeleton (D:5)
  An iguana (D:7)
  14 orc wizards
  12 worker ants
  3 mummies (Ossuary)
  11 gnolls
  6 adders
  4 scorpion zombies (Ossuary)
  2 centaur zombies (Ossuary)
  2 shadow imps (D:5)
  An ooze (D:1)
  2 adder zombies
  An adder skeleton (D:4)
  A worm (D:1)
  4 dart slugs (D:1)
  3 leopard geckos
  62 orcs
  3 bats
  3 giant cockroaches
  6 goblins
  4 hobgoblins
  10 jackals
  4 quokkas
  4 frilled lizards
  A gnoll zombie (Ossuary)
  2 goblin zombies (Ossuary)
  2 jackal zombies (D:5)
  12 kobolds
  5 kobold zombies (Ossuary)
  3 orc zombies (Ossuary)
  3 rats
  4 fungi (Lair:2)
  7 plants
  3 snaplasher vines (D:8)
335 creatures vanquished.

Vanquished Creatures (others)
  An orc wizard (D:3)
  5 fungi
  12 plants
18 creatures vanquished.

Grand Total: 353 creatures vanquished

Notes
Turn   | Place    | Note
-------+----------+-------------------------------------------
     0 | D:1      | Mehrunes the Naga Sloth Apostle began the quest for the
                  | Orb.
     0 | D:1      | Reached XP level 1. HP: 19/19 MP: 2/2
   111 | D:1      | Reached skill level 5 in Stealth
   111 | D:1      | Reached XP level 2. HP: 17/26 MP: 3/3
   511 | D:1      | Reached XP level 3. HP: 30/32 MP: 4/4
   887 | D:1      | Reached * piety under Cheibriados
  2165 | D:3      | Reached XP level 4. HP: 40/40 MP: 5/5
  2301 | D:3      | Reached ** piety under Cheibriados
  2624 | D:3      | Reached skill level 1 in Dodging
  2697 | D:3      | Reached XP level 5. HP: 40/46 MP: 6/6
  3150 | D:3      | Found a faded altar of an unknown god.
  3305 | D:3      | Found a shimmering blue altar of Sif Muna.
  3322 | D:3      | Reached XP level 6. HP: 45/55 MP: 7/7
  3412 | D:3      | Identified Sif Muna's Almanac of Transformation
  3662 | D:4      | Found Netackyit's Book Shoppe.
  3681 | D:4      | Reached XP level 7. HP: 52/62 MP: 8/8
  4064 | D:4      | Found a runed door.
  4172 | D:5      | Entered Level 5 of the Dungeon
  4225 | D:5      | Reached *** piety under Cheibriados
  4241 | D:5      | Found Osew Seemp's Lightly-Used Armoury.
  4252 | D:5      | Got a slimy war axe
  4257 | D:5      | Identified the +8 war axe "Ogreslayer" {holy, rPois Str-5
                  | Dex+4} (You found it on level 5 of the Dungeon)
  4307 | D:5      | Reached skill level 5 in Axes
  4322 | D:5      | Reached XP level 8. HP: 32/72 MP: 10/10
  4632 | D:5      | Found a sacrificial altar of Ru.
  4817 | D:5      | Reached **** piety under Cheibriados
  4922 | D:5      | Found Reen's Assorted Antiques.
  5397 | D:5      | Got a crude bronze amulet
  5835 | D:6      | Found a sand-covered staircase.
  5840 | Ossuary  | Entered an ossuary
  6098 | Ossuary  | Reached XP level 9. HP: 48/79 MP: 12/12
  6199 | Ossuary  | Got a pitted brass ring
  6210 | Ossuary  | Identified the amulet of the Firefly {Inacc rElec} (You
                  | found it on level 5 of the Dungeon)
  6211 | Ossuary  | Identified the cursed ring of Ethijou {Ice rPois MR- Int+4}
                  | (You found it in an ossuary)
  6407 | D:6      | Reached ***** piety under Cheibriados
  6830 | D:6      | Found Pant's Antique Armour Shoppe.
  6889 | D:6      | Reached skill level 5 in Fighting
  7356 | D:7      | Learned a level 1 spell: Infusion
  7358 | D:7      | Learned a level 1 spell: Summon Butterflies
  7498 | D:7      | Found a staircase to the Ecumenical Temple.
  7716 | D:7      | Noticed a troll
  7720 | D:7      | Killed a troll
  7721 | D:7      | Reached skill level 1 in Charms
  7721 | D:7      | Reached skill level 1 in Summonings
  7867 | D:7      | Found a runed translucent gate.
  7867 | D:7      | Found a runed translucent gate.
  7867 | D:7      | Found a runed translucent gate.
  7872 | D:7      | Noticed Tonnatak's ghost (novice GnRe)
  8149 | D:7      | Reached XP level 10. HP: 49/88 MP: 13/13
  8151 | D:7      | Reached skill level 5 in Evocations
  8610 | D:8      | Found a staircase to the Lair.
  8611 | D:8      | Noticed an elephant
  9253 | D:8      | Killed an elephant
  9422 | D:8      | Reached ****** piety under Cheibriados
  9544 | D:8      | Found a staircase to the Orcish Mines.
 10311 | D:9      | Noticed a centaur warrior
 10330 | D:9      | Found a shimmering altar of Xom.
 10349 | D:9      | Killed a centaur warrior
 10350 | D:9      | Reached skill level 10 in Stealth
 10350 | D:9      | Reached skill level 5 in Shields
 10455 | D:9      | Noticed a red ugly thing
 10462 | D:9      | Killed a red ugly thing
 10463 | D:9      | Reached XP level 11. HP: 97/97 MP: 15/15
 11178 | D:10     | Entered Level 10 of the Dungeon
 11268 | D:10     | Reached skill level 1 in Invocations
 11651 | D:10     | Found Empozxuq's Weapon Boutique.
 11857 | D:10     | Noticed a manticore
 11868 | D:10     | Killed a manticore
 12242 | D:10     | Noticed a purple ugly thing
 12251 | D:10     | Killed a purple ugly thing
 12252 | D:10     | Reached skill level 5 in Dodging
 12996 | Lair:1   | Entered Level 1 of the Lair of Beasts
 13006 | Lair:1   | Noticed a four-headed hydra
 13362 | Lair:1   | Killed a four-headed hydra
 13573 | Lair:1   | Noticed a five-headed hydra
 13589 | Lair:1   | Killed a five-headed hydra
 13934 | Lair:1   | Found a runed translucent door.
 13935 | Lair:1   | Noticed kosoiffoigrumme1174's ghost (journeyman VSCK)
 13940 | Lair:1   | Identified the cursed +2 trident "Ongurgh" {flame, rN+
                  | Int+4 Stlth+}
 14542 | Lair:2   | Found a staircase to the Snake Pit.
 14551 | Lair:2   | Reached XP level 12. HP: 99/109 MP: 17/17
 14920 | Lair:2   | Reached skill level 10 in Axes
 14958 | Lair:2   | Noticed an eight-headed hydra
 14963 | Lair:2   | Killed an eight-headed hydra
 14964 | Lair:2   | Reached skill level 1 in Armour
 15354 | Lair:2   | Found a hole to the Spider Nest.
 15948 | Lair:3   | HP: 4/109 [hell rat (4)]
 15949 | Lair:3   | Mangled by a hell rat

Skill      XL: |  1  2  3  4  5  6  7  8  9 10 11 12 |
---------------+-------------------------------------+-----
Stealth        | 5 6 8 9 10 | 10.0
Axes           | 3 4 5 6 7 8 9 10 | 10.1
Dodging        | 1 2 3 4 5 |  5.6
Shields        | 2 3 4 5 6 |  6.0
Evocations     | 2 3 4 6 7 |  7.8
Fighting       | 3 4 5 6 7 |  7.3
Charms         | 1 3 4 |  4.0
Summonings     | 1 3 |  3.0
Spellcasting   | 2 3 |  3.0
Invocations    | 3 |  3.8
Armour         | 1 |  1.3
Hexes          | |  2.0

Action                   |  1- 3 |  4- 6 |  7- 9 | 10-12 || total
-------------------------+-------+-------+-------+-------++-------
Melee: Hand axe          |    60 |     5 |       |     2 ||    67
       War axe           |       |    55 |   227 |   353 ||   635
       Dagger            |       |       |       |     3 ||     3
       Flail             |       |       |       |    20 ||    20
 Fire: Hunting sling     |       |       |       |    80 ||    80
Throw: Tomahawk          |       |    29 |    79 |    74 ||   182
 Cast: Summon Butterflie |       |       |       |     3 ||     3
       Infusion          |       |       |       |     4 ||     4
Invok: Bend Time         |       |       |       |     2 ||     2
 Abil: Spit Poison       |    33 |    25 |     9 |    10 ||    77
Evoke: Wand              |       |     3 |     3 |    13 ||    19
  Use: Scroll            |     2 |     1 |     8 |    13 ||    24
       Potion            |       |       |     4 |     4 ||     8
 Stab: Paralysed         |       |     8 |     1 |     3 ||    12
       Sleeping          |       |       |     3 |     7 ||    10
  Eat: Chunk             |     6 |     6 |    18 |    26 ||    56
       Ration            |       |       |     1 |     4 ||     5
Armor: Robe              |     6 |       |       |       ||     6
       Ring mail         |     4 |    18 |       |       ||    22
       Leather armour    |     3 |       |       |       ||     3
       Scale mail        |       |     7 |    82 |   120 ||   209
Dodge: Dodged            |    23 |    20 |    65 |   178 ||   286
Block: Medium shield     |    30 |    45 |   162 |   285 ||   522
